 Dungeon Crawl Stone Soup version 0.30-a0-860-g512cf1e979 (webtiles) character file.

Game seed: 12667251169086587673

2116 Hubjo the Stinger (level 9, -1/68 HPs)
             Began as a Demonspawn Venom Mage on Mar 7, 2023.
             Was a Follower of Dithmenos.
             Slain by an iguana (9 damage)
             ... on level 6 of the Dungeon.
             The game lasted 00:16:36 (7567 turns).

Hubjo the Stinger (Demonspawn Venom Mage)           Turns: 7567, Time: 00:16:36

Health: -1/68      AC:  3    Str:  8    XL:     9   Next: 8%
Magic:  6/16       EV: 12    Int: 22    God:    Dithmenos [*.....]
Gold:   378        SH:  5    Dex: 13    Spells: 12/17 levels left

rFire   . . .      SeeInvis .    q - +7 flail of the Silly God {heavy, *Noise rElec rCorr Stlth+}
rCold   + . .      Faith    .    (no shield)
rNeg    . . .      Spirit   .    u - +0 leather armour
rPois   .          Reflect  +    (helmet restricted)
rElec   +          Rampage  .    (no cloak)
rCorr   +                        (no gloves)
Will    .....                    (no boots)
Stlth   +++++                    k - amulet of reflection
HPRegen 0.31/turn                h - ring of protection from cold
MPRegen 0.15/turn                (no ring)

@: wreathed by umbra
A: antennae 2, demonic guardian 1, spiny 1, sturdy frame 2
a: Renounce Religion


You were on level 6 of the Dungeon.
You worshipped Dithmenos.
Dithmenos was aware of your devotion.
You visited 2 branches of the dungeon, and saw 8 of its levels.

You collected 378 gold pieces.

Inventory:

Hand Weapons
 d - a +2 dagger of freezing
 o - a +2 dagger of venom
 q - the +7 flail of the Silly God (weapon) {heavy, *Noise rElec rCorr Stlth+}
   (You found it on level 6 of the Dungeon)

   rElec:     It insulates you from electricity.
   *Noise:    It may make noises in combat.
   rCorr:     It protects you from acid and corrosion.
   Stlth:     It makes you more stealthy.
Armour
 a - a +0 robe
 u - a +0 leather armour (worn)
Jewellery
 h - a ring of protection from cold (left hand)
 k - an amulet of reflection (around neck)
Wands
 e - a wand of digging (2)
Scrolls
 g - 2 scrolls of fog
 i - 3 scrolls of noise
 l - a scroll of amnesia
 p - a scroll of blinking
 s - a scroll of teleportation
 v - a scroll of identify
Potions
 b - a potion of magic
 c - a potion of brilliance
 f - a potion of flight
 j - a potion of heal wounds
 m - a potion of resistance
 n - a potion of mutation {unknown}
 r - 3 potions of might
 t - a potion of curing


   Skills:
 + Level 5.0 Fighting
 + Level 2.0 Maces & Flails
 - Level 1.7 Dodging
 + Level 5.1 Stealth
 + Level 4.7 Spellcasting
 + Level 4.3 Transmutations
 + Level 7.0 Poison Magic


You had 12 spell levels left.
You knew the following spells:

 Your Spells              Type           Power      Damage    Failure   Level
a - Sting                 Tmut/Pois      100%       1d8       1%          1
b - Olgreb's Toxic Radia  Pois           36%        N/A       6%          4

Your spell library contained the following spells:

 Spells                   Type           Power      Damage    Failure   Level
 Poisonous Vapours        Pois/Air       40%        N/A       3%          2
 Passwall                 Tmut/Erth      11%        N/A       6%          2
 Freeze                   Ice            20%        1d4       11%         1
 Magic Dart               Conj           20%        1d4       11%         1
 Sandblast                Erth           10%        2d5       11%         1
 Mephitic Cloud           Conj/Pois/Air  15%        N/A       12%         3
 Call Imp                 Summ           5%         N/A       16%         2
 Frozen Ramparts          Ice            10%        1d2       30%         3
 Hailstorm                Conj/Ice       5%         3d4       30%         3
 Stone Arrow              Conj/Erth      10%        3d7       30%         3
 Passage of Golubria      Tloc           5%         N/A       71%         4
 Fireball                 Conj/Fire      2%         3d4       96%         5
 Iskenderun's Battlesphe  Conj           5%         2d6       96%         5
 Silence                  Hex/Air        2%         N/A       96%         5
 Conjure Ball Lightning   Conj/Air       2%         3x3d6     100%        6
 Orb of Destruction       Conj           2%         9d5       100%        7
 Lehudib's Crystal Spear  Conj/Erth      2%         10d2      100%        8


Dungeon Overview and Level Annotations

Branches:
Dungeon (7/15)             Temple (1/1) D:4

Altars:
Ashenzari
Cheibriados
Dithmenos
Fedhas
Hepliaklqana
Kikubaaqudgha
Makhleb
Okawaru
Qazlal
Ru
Trog
Uskayaw
Vehumet
Wu Jian
Xom
Yredelemnul

Shops:
D:6 *


Innate Abilities, Weirdness & Mutations

You have a pair of antennae on your head.
A weak demonic guardian rushes to your aid.
You are partially covered in sharp spines.
Your movements are less encumbered by armour. (ER -4)


Message History

The jelly hits you but does no damage.
The orc priest shouts!
You sock the jelly!
Your hands burn!
* * * LOW HITPOINT WARNING * * *
The jelly is almost dead.
You hear a shout! x3
The jelly barely misses you.
The orc wizard hits you but does no damage.
The orc wizard gestures at you while chanting.
You easily resist.
The jelly barely misses you.
You hear an angry hiss.
You sock the jelly!
You kill the jelly!
Dithmenos accepts your kill.
Your surroundings suddenly seem different.
An iguana and an orc come into view.
Found a sedimented sapphire potion and 5 stones.
Found a stone staircase leading up.
The orc moves out of view.
Your Fighting skill increases to level 5!
Your Maces & Flails skill increases to level 2!
Your Poison Magic skill increases to level 7!
The iguana attacks as you move away! You block the iguana's attack.
Found a stone staircase leading up.
An orc comes into view. It is wielding a +0 whip.
A gnoll bouda comes into view. It is wielding a +0 quarterstaff.
The iguana attacks as you move away! The iguana is struck by your spines.
The iguana closely misses you.
An orc comes into view. It is wielding a +0 club.
There is a stone staircase leading up here.
The gnoll bouda shouts!
The iguana is struck by your spines. The iguana bites you.
* * * LOW HITPOINT WARNING * * *
You climb upwards.
There is a stone staircase leading down here.
You hit the iguana but do no damage.
The iguana is moderately wounded.
The iguana is struck by your spines. The iguana bites you!
* * * LOW HITPOINT WARNING * * *
A demonic guardian appears!
The iguana bites you!
You die...

#.#..##...
#.#..#.#..
#.#...#.##
#.#....##.
######.#....#.#
##............#.
#..###.#.......#
###..# #.#........
#@.5.###.#........
#l##.....#.......#
#.##.######.....#.
#....# #.......#.#
###..###.##....##.
#.......#...#.##
#..####....#.#..
###'#####...##...
#......###.#.....


You could see an iguana (ally target) and a friendly shadow imp (summoned).

Vanquished Creatures
  2 water moccasins (D:5)
  An orc warrior (D:6)
  A black bear (D:5)
  2 ogres
  2 centaurs
  A phantom (D:5)
  7 scorpions
  5 killer bees (D:7)
  A howler monkey (D:6)
  3 jellies
  An orc priest (D:7)
  6 hounds
  Jessica (D:2)
  2 iguanas (D:5)
  2 orc wizards
  2 gnolls (D:2)
  6 adders
  2 ufetubi
  A worm (D:2)
  15 orcs
  7 bats
  2 giant cockroaches
  4 goblins
  6 hobgoblins
  2 jackals (D:1)
  5 kobolds
  2 quokkas
  3 ball pythons
  2 frilled lizards
  4 rats
100 creatures vanquished.

Vanquished Creatures (collateral kills)
  A phantom (D:5)
  2 gnolls (D:2)
  A hobgoblin (D:2)
4 creatures vanquished.

Vanquished Creatures (others)
  12 fungi (D:6)
  24 plants (D:4)
36 creatures vanquished.

Grand Total: 140 creatures vanquished

Notes
Turn   | Place    | Note
-------+----------+-------------------------------------------
     0 | D:1      | Hubjo the Demonspawn Venom Mage began the quest for the
                  | Orb.
     0 | D:1      | Reached XP level 1. HP: 13/13 MP: 3/3
   118 | D:1      | Reached skill level 1 in Transmutations
   187 | D:1      | Gained mutation: A weak demonic guardian rushes to your
                  | aid. [demonic ancestry]
   187 | D:1      | Reached XP level 2. HP: 15/20 MP: 1/5
   495 | D:1      | Reached skill level 1 in Fighting
   997 | D:2      | Gained mutation: You have a pair of small antennae on your
                  | head. [demonic ancestry]
   997 | D:2      | Reached XP level 3. HP: 19/26 MP: 0/6
  1255 | D:2      | Gained mutation: Your movements are slightly less
                  | encumbered by armour. (ER -2) [demonic ancestry]
  1255 | D:2      | Reached XP level 4. HP: 28/33 MP: 2/7
  1780 | D:2      | Noticed Jessica
  1790 | D:2      | Killed Jessica
  1864 | D:2      | Identified the +6 spear "Piazokis" {drain, rElec rF+ rC+
                  | Stlth+}
  2956 | D:4      | Gained mutation: You have a pair of antennae on your head.
                  | [demonic ancestry]
  2956 | D:4      | Reached XP level 5. HP: 33/38 MP: 2/8
  3068 | D:4      | Found a basalt altar of Yredelemnul.
  3266 | D:4      | Found an ornate altar of the Wu Jian Council.
  3298 | D:4      | Noticed an ogre
  3305 | D:4      | Reached skill level 4 in Poison Magic
  3468 | D:4      | Found a staircase to the Ecumenical Temple.
  3498 | D:4      | Found a shadowy altar of Dithmenos.
  3503 | D:4      | Killed an ogre
  3504 | D:4      | Reached XP level 6. HP: 46/46 MP: 8/10
  3946 | Temple   | Entered the Ecumenical Temple
  4249 | D:4      | Became a worshipper of Dithmenos the Shadowed
  4255 | D:4      | Learned a level 4 spell: Olgreb's Toxic Radiance
  4350 | D:5      | Entered Level 5 of the Dungeon
  4431 | D:5      | Noticed a water moccasin
  4449 | D:5      | Killed a water moccasin
  4680 | D:5      | Reached skill level 5 in Poison Magic
  4680 | D:5      | Gained mutation: Your movements are less encumbered by
                  | armour. (ER -4) [demonic ancestry]
  4680 | D:5      | Reached XP level 7. HP: 44/52 MP: 5/12
  5038 | D:5      | Found an ancient bone altar of Kikubaaqudgha.
  5464 | D:5      | Reached skill level 6 in Poison Magic
  5464 | D:5      | Gained mutation: You are partially covered in sharp spines.
                  | [demonic ancestry]
  5464 | D:5      | Reached XP level 8. HP: 60/60 MP: 0/13
  6276 | D:6      | Reached * piety under Dithmenos
  6445 | D:6      | Identified the +7 flail of the Silly God {heavy, *Noise
                  | rElec rCorr Stlth+}
  6702 | D:6      | Reached skill level 1 in Maces & Flails
  6785 | D:6      | Found the +11 Singing Sword {sonic wave}
  6909 | D:6      | Found Orhuniaph's Elemental Accessories.
  7522 | D:7      | Reached skill level 5 in Stealth
  7544 | D:7      | Reached XP level 9. HP: 20/67 MP: 6/16
  7562 | D:7      | Reached skill level 5 in Fighting
  7562 | D:7      | Reached skill level 7 in Poison Magic
  7567 | D:6      | Slain by an iguana

Illustrated notes

Levels and vault maps discovered:
D:1:      onia_arrival_pyramid, layout_loops_ring, minmay_tromino_v4_c
D:2:      layout_loops_cross, uniq_jessica
D:3:      layout_loops_ring, kennysheep_generic_room_13
D:4:      layout_rooms, mainiacjoe_overflow_surrounded_room,
          nicolae_dithmenos_shadow_blocks, nicolae_overflow_crystal_walls,
          mainiacjoe_overflow_small_starburst, temple_green, serial_bayou_lake_a
D:5:      layout_gridville, minmay_ruined_shrine
D:6:      old_forge, layout_basic, nicolae_elemental_shop,
          minmay_misc_feat_secret_circle, minivault_5
D:7:      layout_rooms, dreamdust_gnoll_shepherd
Temple:   dpeg_chambers_temple

Skill      XL: |  1  2  3  4  5  6  7  8  9 |
---------------+----------------------------+-----
Transmutations | 1 2 3 4 |  4.3
Stealth        | 2 3 4 5 |  5.1
Fighting       | 1 2 3 4 5 |  5.0
Poison Magic   | 4 5 6 7 |  7.0
Spellcasting   | 3 4 |  4.7
Maces & Flails | 1 2 |  2.0
Dodging        | |  1.7

Action                     |  1- 3 |  4- 6 |  7- 9 || total
---------------------------+-------+-------+-------++-------
  Melee: Dagger            |    41 |    53 |    67 ||   161
         Punch             |     2 |       |     1 ||     3
         Unarmed           |     1 |       |       ||     1
         Flail             |       |       |    14 ||    14
   Cast: Sting             |    43 |    83 |    43 ||   169
         Olgreb's Toxic Ra |       |       |    20 ||    20
    Use: Scroll            |     5 |     9 |     2 ||    16
         Potion            |       |     2 |     5 ||     7
   Stab: Sleeping          |       |     1 |     3 ||     4
         Distracted        |       |       |     1 ||     1
 Armour: Robe              |     9 |    11 |     9 ||    29
         Leather armour    |       |       |     6 ||     6
  Dodge: Dodged            |    53 |    50 |    70 ||   173
  Block: Other             |       |    20 |    25 ||    45
         Reflection        |       |       |     2 ||     2

Table legend: (Time is in decaauts)
 A = Elapsed time spent in this place.
 B = Non-inter-level travel time spent in this place.
 C = Inter-level travel time spent in this place.
 D = Time resting spent in this place.
 E = Time spent auto-exploring this place.
 F = Levels seen in this place.
 G = Mean time per level.
                   A        B        C        D        E       F      G
               +--------+--------+--------+--------+--------+-----+--------+
         Total |   7605 |   7113 |    492 |    375 |   5834 |   8 |  950.6 |
       Dungeon |   7330 |   6867 |    463 |    375 |   5602 |   7 | 1047.1 |
        Temple |    274 |    245 |     29 |      0 |    232 |   1 |  274.0 |
               +--------+--------+--------+--------+--------+-----+--------+

Top non-repeatable levels by time:
     D:5: 1921 daAuts
     D:6: 1252 daAuts
     D:2: 1185 daAuts
     D:4: 1175 daAuts
     D:1: 976 daAuts
     D:3: 765 daAuts
  Temple: 274 daAuts
     D:7: 54 daAuts
